 Dungeon Crawl Stone Soup version 0.21-a0-157-gb89e0e2 (webtiles) character file.

14169 namelastname112 the Summoner (level 11, 0/108 HPs)
             Began as a Green Draconian Summoner on Aug 4, 2017.
             Was a Believer of Ashenzari.
             Slain by Urug
             ... wielding a +0 glaive of flaming
              (36 damage)
             ... on level 12 of the Dungeon.
             The game lasted 00:23:12 (12385 turns).

namelastname112 the Summoner (DrSu)                Turns: 12385, Time: 00:23:13

Health: 0/108      AC: 10    Str: 11    XL:     11   Next: 85%
Magic:  8/23       EV: 15    Int: 21    God:    Ashenzari [**....]
Gold:   776        SH:  0    Dex: 10    Spells: 13/27 levels left

rFire    . . .     SeeInvis .   J - +3 dagger (venom)
rCold    + . .     Gourm    .   (no shield)
rNeg     . . .     Faith    .   (armour unavailable)
rPois    +         Spirit   .   (helmet restricted)
rElec    .         Reflect  .   (no cloak)
rCorr    .         Harm     .   Q - +0 pair of gloves
MR       .....                  i - +1 pair of boots (curse)
Stlth    ++........             x - amulet of regeneration
HPRegen  0.68/turn              u - ring of protection from cold
MPRegen  0.18/turn              F - +3 ring of intelligence

@: short of breath
A: breathe noxious fumes, unfitting armour, hooves 1, blink, clumsy 1, poison
resistance, robust 1, cold-blooded, AC +7
a: Breathe Noxious Fumes, Blink, Curse Item, Scrying, Renounce Religion


You were on level 12 of the Dungeon.
You worshipped Ashenzari.
Ashenzari was pleased with you.
You were hungry.

You visited 2 branches of the dungeon, and saw 13 of its levels.

You collected 776 gold pieces.

Inventory:

Hand Weapons
 J - a +3 dagger of venom (weapon)
Armour
 i - a cursed +1 pair of boots (worn)
 Q - a +0 pair of gloves (worn)
Jewellery
 r - an uncursed ring of stealth
 u - a ring of protection from cold (left hand)
 x - an amulet of regeneration (around neck)
 D - an uncursed ring of positive energy
 F - a +3 ring of intelligence (right hand)
 M - an uncursed ring of protection from fire
 O - an uncursed amulet of the gourmand
Wands
 o - a wand of acid (1/15)
 w - a wand of disintegration (7/24)
 B - a wand of random effects (15/48)
 G - a wand of polymorph (13/24)
 I - a wand of confusion (29/48)
 L - a wand of paralysis (13/24)
Scrolls
 f - 7 scrolls of remove curse
 g - 5 scrolls of enchant armour
 h - 3 scrolls of magic mapping
 k - 4 scrolls of teleportation
 m - 2 scrolls of identify
 y - a scroll of fog
 z - a scroll of enchant weapon
 N - a scroll of summoning
Potions
 d - 5 potions of might
 e - a potion of flight
 j - 5 potions of curing
 l - 2 potions of heal wounds
 n - a potion of brilliance {unknown}
 p - 3 potions of ambrosia
 q - a potion of resistance
 s - a potion of lignification
 A - 2 potions of haste
 C - a potion of berserk rage
Books
 a - a book of Callings

   Spells                             Type                      Level
   a - Summon Small Mammal            Summoning                    1
   b - Call Imp                       Summoning                    2
   c - Call Canine Familiar           Summoning                    3
   d - Summon Guardian Golem          Hexes/Summoning              3
   e - Summon Lightning Spire         Summoning/Air                4
   f - Summon Ice Beast               Ice/Summoning                4
 c - a book of Necromancy

   Spells                             Type                      Level
   a - Pain                           Necromancy                   1
   b - Animate Skeleton               Necromancy                   1
   c - Vampiric Draining              Necromancy                   3
   d - Regeneration                   Charms/Necromancy            3
   e - Animate Dead                   Necromancy                   4
   f - Control Undead                 Necromancy                   4
 t - a book of Party Tricks

   Spells                             Type                      Level
   a - Summon Butterflies             Summoning                    1
   b - Apportation                    Translocation                1
   c - Lesser Beckoning               Translocation                3
   d - Tukima's Dance                 Hexes                        3
   e - Alistair's Intoxication        Transmutation/Poison         5
   f - Invisibility                   Hexes                        6
 H - a book of Changes

   Spells                             Type                      Level
   a - Beastly Appendage              Transmutation                1
   b - Sticks to Snakes               Transmutation                2
   c - Spider Form                    Transmutation/Poison         3
   d - Ice Form                       Ice/Transmutation            4
   e - Blade Hands                    Transmutation                5
Comestibles
 b - 12 bread rations
 v - 6 meat rations
 E - 2 fruits


   Skills:
 + Level 9.6 Fighting
 + Level 8.2 Dodging
 - Level 1.7 Stealth
 + Level 8.5 Spellcasting
 * Level 12.8 Summonings


You had 13 spell levels left.
You knew the following spells:

 Your Spells              Type           Power        Failure   Level  Hunger
a - Summon Ice Beast      Ice/Summ       #####...     5%          4    ###....
b - Summon Small Mammal   Summ           ####         1%          1    None
c - Summon Lightning Spi  Summ/Air       #####...     5%          4    ###....
x - Call Canine Familiar  Summ           ######..     1%          3    None
z - Call Imp              Summ           ######..     1%          2    None


Dungeon Overview and Level Annotations

Branches:
Dungeon (12/15)            Temple (1/1) D:5            Lair (0/6) D:10
    Orc (0/2) D:12

Altars:
Ashenzari
Cheibriados
Dithmenos
Elyvilon
Fedhas
Gozag
Hepliaklqana
Kikubaaqudgha
Makhleb
Nemelex Xobeh
Okawaru
Qazlal
Ru
Sif Muna
Trog
Uskayaw
Vehumet
Wu Jian
Xom
Yredelemnul
Zin
The Shining One

Annotations:
D:3 p0werm0de's ghost, weakling MiCK
D:12 Urug


Innate Abilities, Weirdness & Mutations

You can breathe blasts of noxious fumes.
Your lurid green scales are hard. (AC +7)
You cannot fit into any form of body armour.
Your system is resistant to poisons. (rPois)
You are cold-blooded and may be slowed by cold attacks.
You have large cloven feet.
You can translocate small distances at will.
You are clumsy. (Dex -2)
You are robust. (+10% HP)


Message History

Urug is heavily wounded.
Your ice beast disappears in a puff of smoke!
Urug misses you.
You hit Urug but do no damage.
Urug looks as sick as possible!
Urug is heavily wounded.
Urug hits you with a glaive of flaming! Urug burns you.
You take 17 damage, and have 47/108 hp.
You hit Urug.
Urug looks as sick as possible!
Urug is heavily wounded.
Urug seems less confused.
Your lightning spire disappears in a puff of smoke!
Urug barely misses you. The spriggan hits you with a dagger.
You take 5 damage, and have 43/108 hp.
The spriggan hits you but does no damage.
Urug hits you from afar with a glaive of flaming.
Urug burns you.
Your magical contamination has completely faded away.
You take 8 damage, and have 35/108 hp.
Urug hits you from afar with a glaive of flaming!!!
You die...

,, , #.# ,*, #.# ≈ #.
*###########.# , #..
*, ,..........#.# ≈
#..,#############.#'##
, ###...#........#
#......
.§....#.######.#
#...... ....#.#.####
#.###......
#.....@...#
#...'......
#.....i...#
#.###...... *
#.......o.# #.#
#...... * *
#.....(...# ###
##.#.## *###.....T...#
#..... , ......†....#
...#. * * ##.........#
..... #......?..# ....
#.........# *


You could see Urug, a troll and a spriggan.

Vanquished Creatures
  The ghost of Wendigo the Slicer, a novice VSWz of Sif Muna (D:6)
  2 centaur skeletons (D:11)
  A hippogriff (D:10)
  2 wyverns
  3 yaks (D:12)
  A hungry ghost (D:8)
  2 water moccasins
  3 porcupines (D:10)
  4 orc warriors
  7 sky beasts
  A black bear (D:6)
  A phantom (D:12)
  A necrophage (D:12)
  5 centaurs
  A big kobold (D:10)
  7 bullfrogs
  2 wyvern zombies (D:11)
  2 water moccasin skeletons
  A scorpion (D:6)
  23 killer bees
  6 howler monkeys
  6 electric eels (D:10)
  3 crimson imps
  3 bullfrog zombies
  6 hounds
  3 quasits
  3 bullfrog skeletons
  4 orc priests
  14 orc wizards
  Jessica (D:3)
  6 iguanas
  7 worker ants
  2 hound skeletons
  6 adders
  10 gnolls
  3 shadow imps
  2 adder zombies
  An ooze (D:7)
  An adder skeleton (D:6)
  2 worms
  4 dart slugs (D:1)
  3 leopard geckos
  24 orcs
  2 ball pythons
  5 giant cockroaches
  4 goblins
  6 hobgoblins
  11 jackals
  2 quokkas
  3 bats (D:1)
  7 frilled lizards
  14 kobolds
  A leopard gecko skeleton (D:4)
  3 rats
248 creatures vanquished.

Vanquished Creatures (collateral kills)
  Erica (D:9)
  2 ugly things (D:11)
  Psyche (D:9)
  2 trolls
  2 hippogriffs
  2 yaks (D:12)
  2 ice beasts (D:5)
  3 ogres
  A centaur (D:11)
  A scorpion (D:5)
  2 howler monkeys
  7 killer bees
  5 wights (D:7)
  3 crimson imps
  An orc wizard (D:3)
  A hound (D:4)
  A centaur skeleton (D:8)
  A jelly (D:5)
  Terence (D:2)
  2 worker ants
  A gnoll (D:7)
  A howler monkey skeleton (D:7)
  6 adders
  A shadow imp (D:5)
  A worm (D:2)
  A leopard gecko (D:4)
  5 orcs
  A giant cockroach (D:5)
  2 hobgoblins
  8 jackals
  A quokka (D:5)
  2 bats (D:1)
  2 frilled lizards
  A rat (D:1)
  A plant (D:10)
75 creatures vanquished.

Vanquished Creatures (others)
  A sky beast (D:9)
  3 fungi (D:10)
  5 plants (D:10)
9 creatures vanquished.

Grand Total: 332 creatures vanquished

Notes
Turn   | Place    | Note
-------+----------+-------------------------------------------
     0 | D:1      | namelastname112 the Draconian Summoner began the quest for the Orb.
     0 | D:1      | Reached XP level 1. HP: 14/14 MP: 3/3
     0 | D:1      | p0werm0de: !lg namelastname112
     0 | D:1      | beem: 4530. namelastname112 the Convoker (L15 DrSu of Ashenzari), blasted by a deep troll earth mage (blast of rock fragments) on Depths:1 on 2017-08-04 14:37:23, with 80819 points after 37027 turns and 1:28:04.
     0 | D:1      | p0werm0de: !lg p0werm0de
     0 | D:1      | beem: 5816. p0werm0de the Fighter (L10 MiCK of Xom), shot by an orc warrior (bolt) in Bailey (bailey_polearm_2) on 2017-08-04 14:50:14, with 4848 points after 5327 turns and 0:09:37.
     0 | D:1      | p0werm0de: failarmy
     0 | D:1      | namelastname112: that char was meh
     6 | D:1      | p0werm0de: ;D
   122 | D:1      | p0werm0de: cmon man you must win every game
   140 | D:1      | p0werm0de: and play 100% attention like a robot
   144 | D:1      | namelastname112: that means that i have to think
   162 | D:1      | p0werm0de: ye dang
   176 | D:1      | Reached XP level 2. HP: 11/22 MP: 5/5
   180 | D:1      | Learned a level 2 spell: Call Imp
   914 | D:1      | Reached XP level 3. HP: 27/27 MP: 6/6
   936 | D:1      | Learned a level 3 spell: Call Canine Familiar
  1187 | D:2      | p0werm0de: what do you like so much about DR?
  1260 | D:2      | Noticed Terence
  1355 | D:2      | Killed Terence
  1355 | D:2      | Reached skill level 1 in Fighting
  1742 | D:2      | Reached XP level 4. HP: 8/35 MP: 1/7
  2131 | D:2      | namelastname112: well
  2131 | D:2      | namelastname112: no armor
  2264 | D:3      | Noticed Jessica
  2272 | D:3      | Killed Jessica
  2483 | D:3      | Reached skill level 5 in Summonings
  2483 | D:3      | Reached XP level 5. HP: 21/41 MP: 3/9
  2706 | D:3      | Noticed p0werm0de's ghost (weakling MiCK)
  3376 | D:4      | Reached XP level 6. HP: 41/50 MP: 10/10
  3851 | D:5      | Entered Level 5 of the Dungeon
  3884 | D:5      | Noticed a sky beast
  3901 | D:5      | Killed a sky beast
  3901 | D:5      | Reached skill level 6 in Summonings
  3901 | D:5      | Your scales start taking on a lurid green colour.
  3901 | D:5      | Reached XP level 7. HP: 47/57 MP: 3/12
  3901 | D:5      | Gained mutation: Your system is resistant to poisons. (rPois) [Green Draconian growth]
  3905 | D:5      | Gained mutation: You are somewhat resistant to further mutation. [mutagenic meat]
  3906 | D:5      | Gained mutation: Your muscles are strong. (Str +2) [mutagenic meat]
  3958 | D:5      | Found a staircase to the Ecumenical Temple.
  4010 | Temple   | Entered the Ecumenical Temple
  4050 | Temple   | Became a worshipper of Ashenzari the Shackled
  4578 | D:5      | Reached XP level 8. HP: 65/67 MP: 14/14
  4600 | D:5      | Found a deep blue altar of Sif Muna.
  4611 | D:5      | Reached skill level 7 in Summonings
  5030 | D:6      | Reached * piety under Ashenzari
  5206 | D:6      | Reached skill level 5 in Fighting
  5219 | D:6      | Noticed Wendigo's ghost (novice VSWz)
  5310 | D:6      | Killed Wendigo's ghost
  5310 | D:6      | Reached skill level 5 in Dodging
  5310 | D:6      | Reached skill level 5 in Spellcasting
  5310 | D:6      | Reached skill level 8 in Summonings
  6214 | D:7      | Found a glowing silver altar of Zin.
  6226 | D:7      | Found a glowing golden altar of the Shining One.
  6227 | D:7      | Found a shimmering altar of Xom.
  6227 | D:7      | Found an iron altar of Okawaru.
  6228 | D:7      | Found a basalt altar of Yredelemnul.
  6230 | D:7      | Found a sacrificial altar of Ru.
  6232 | D:7      | Found a bloodstained altar of Trog.
  6364 | D:7      | Reached XP level 9. HP: 48/74 MP: 12/16
  6552 | D:7      | Learned a level 4 spell: Summon Lightning Spire
  7464 | D:8      | Reached skill level 9 in Summonings
  7701 | D:8      | Noticed a troll
  7719 | D:8      | Killed a troll
  7887 | D:8      | Reached ** piety under Ashenzari
  8197 | D:8      | Found a stormy altar of Qazlal.
  8197 | D:8      | Found a radiant altar of Vehumet.
  8198 | D:8      | Found a burning altar of Makhleb.
  8267 | D:9      | Noticed Psyche
  8273 | D:9      | Killed Psyche
  8273 | D:9      | Reached XP level 10. HP: 84/84 MP: 14/19
  8275 | D:9      | Reached skill level 11 in Summonings
  8275 | D:9      | Reached XP level 11. HP: 95/95 MP: 15/22
  8492 | D:9      | Noticed Erica
  8511 | D:9      | Killed Erica
  8597 | D:9      | Learned a level 4 spell: Summon Ice Beast
  8781 | D:10     | Entered Level 10 of the Dungeon
  8974 | D:10     | Reached skill level 12 in Summonings
  9079 | D:10     | Found a staircase to the Lair.
 10712 | D:11     | Gained mutation: You have large cloven feet. [mutagenic meat]
 10823 | D:11     | Lost mutation: You have large cloven feet. [potion of mutation]
 10824 | D:11     | Lost mutation: Your muscles are strong. (Str +2) [potion of mutation]
 10824 | D:11     | Lost mutation: You are somewhat resistant to further mutation. [potion of mutation]
 10824 | D:11     | Gained mutation: You evolve. [potion of mutation]
 10824 | D:11     | Gained mutation: You have a beak for a mouth. [potion of mutation]
 10825 | D:11     | Lost mutation: You evolve. [potion of mutation]
 10825 | D:11     | Lost mutation: You have a beak for a mouth. [potion of mutation]
 10825 | D:11     | Gained mutation: You are robust. (+10% HP) [potion of mutation]
 10825 | D:11     | Gained mutation: You are clumsy. (Dex -2) [potion of mutation]
 10825 | D:11     | Gained mutation: You can translocate small distances at will. [potion of mutation]
 10825 | D:11     | Gained mutation: You have large cloven feet. [potion of mutation]
 10908 | D:11     | Noticed a red ugly thing
 10941 | D:11     | Killed a red ugly thing
 11448 | D:11     | Noticed a cyan ugly thing
 11472 | D:11     | Killed a cyan ugly thing
 12044 | D:12     | Noticed Urug
 12044 | D:12     | Noticed a green ugly thing
 12257 | D:12     | Found a staircase to the Orcish Mines.
 12385 | D:12     | Slain by Urug

Vault maps used:
D:1:      scummos_arrival_checkerplants
D:2:      uniq_terence
D:3:      uniq_jessica
D:5:      led_sif_book, minmay_temple_entry_statues_pillars, first_bread
D:7:      minitemple
D:8:      gammafunk_temple_overflow_forgotten, glass_columns_a
D:9:      uniq_psyche, uniq_erica
D:10:     grunt_lair_entry_orc_guard_hut, serial_bayou, serial_bayou_shore_a,
          serial_bayou_shore_b, serial_bayou_crossing, serial_bayou_lagoon_b
D:12:     orc_0_dummy, hangedman_stone_soup, uniq_urug
Temple:   minmay_freezing_vapour_temple

Skill      XL: |  1  2  3  4  5  6  7  8  9 10 11 |
---------------+----------------------------------+-----
Dodging        | 2 3 4 5 6 7 8 |  8.2
Fighting       | 1 2 3 4 5 6 8 9 |  9.6
Summonings     | 5 6 8 9 11 12 | 12.8
Spellcasting   | 3 4 5 6 7 8 |  8.5
Stealth        | |  1.7

Action                   |  1- 3 |  4- 6 |  7- 9 | 10-12 || total
-------------------------+-------+-------+-------+-------++-------
Melee: Dagger            |   139 |       |   410 |   674 ||  1223
       Tailslap          |    10 |    21 |    75 |    85 ||   191
       Mace              |     7 |   245 |   140 |       ||   392
 Cast: Summon Small Mamm |     5 |       |     1 |       ||     6
       Call Imp          |    15 |    21 |    15 |       ||    51
       Call Canine Famil |       |     4 |    14 |     2 ||    20
       Summon Lightning  |       |       |     5 |     9 ||    14
       Summon Ice Beast  |       |       |       |    15 ||    15
 Abil: Breathe Noxious F |       |       |     8 |    21 ||    29
Evoke: Wand              |       |       |     1 |       ||     1
  Use: Scroll            |       |       |    17 |     6 ||    23
       Potion            |       |       |       |     5 ||     5
 Stab: Distracted        |     2 |       |     5 |       ||     7
       Sleeping          |     1 |     1 |     3 |     3 ||     8
       Confused          |       |       |     6 |     4 ||    10
  Eat: Chunk             |     3 |     9 |    15 |    20 ||    47
       Royal jelly       |       |       |     1 |     2 ||     3
       Meat ration       |       |       |     1 |       ||     1
       Fruit             |       |       |     1 |       ||     1
Armor: Skin              |    41 |   112 |   256 |   192 ||   601
Dodge: Dodged            |   115 |   263 |   491 |   582 ||  1451
